 Dungeon Crawl Stone Soup version 0.25-a0-834-g55863b0b92 (console) character file.

Game seed: 16779765090739102951, levelgen mode: classic

103 Duffy the Chopper (level 4, -7/42 HPs)
             Began as a Naga Fighter on Apr 23, 2020.
             Mangled by an ogre
             ... wielding a cursed -1 giant spiked club
              (16 damage)
             ... on level 4 of the Dungeon.
             The game lasted 00:01:29 (1532 turns).

Duffy the Chopper (Naga Fighter)                    Turns: 1532, Time: 00:01:30

Health: -7/42      AC:  4    Str: 21    XL:     4   Next: 79%
Magic:  4/4        EV:  5    Int: 10    God:
Gold:   63         SH:  9    Dex: 10    Spells: 3/3 levels left

rFire    . . .     SeeInvis +   a - +0 war axe
rCold    . . .     Gourm    .   c - +0 kite shield
rNeg     . . .     Faith    .   b - +0 scale mail
rPois    +         Spirit   .   (no helmet)
rElec    .         Reflect  .   (no cloak)
rCorr    .         Harm     .   (no gloves)
MR       +....                  (no barding)
Stlth    ..........             (no amulet)
HPRegen  0.14/turn              n - ring of protection from magic
MPRegen  0.09/turn              m - +3 ring of strength

@: short of breath, very slow
A: large, see invisible, deformed body, poison resistance, slowness 2, slow
metabolism 1, spit poison 1, AC +1
a: Spit Poison


You were on level 4 of the Dungeon.
You were not hungry.

You visited 1 branch of the dungeon, and saw 5 of its levels.

You collected 63 gold pieces.

Inventory:

Hand Weapons
 a - a +0 war axe (weapon)
Missiles
 o - 2 silver boomerangs (quivered)
Armour
 b - a +0 scale mail (worn)
 c - a +0 kite shield (worn)
Jewellery
 j - an uncursed ring of stealth
 m - a +3 ring of strength (right hand)
 n - a ring of protection from magic (left hand)
Scrolls
 e - 2 scrolls of enchant weapon {unknown}
 g - a scroll of immolation {unknown}
 h - 2 scrolls of remove curse {unknown}
 l - a scroll of identify {unknown}
Potions
 d - 2 potions of might
 i - a potion of degeneration {unknown}
Comestibles
 f - a ration
 k - 4 chunks of flesh


   Skills:
 - Level 3.0 Fighting
 + Level 3.6 Axes
 - Level 2.4 Armour
 + Level 3.5 Shields


You had 3 spell levels left.
You didn't know any spells.
Your spell library contained the following spells:

 Spells                   Type           Power        Failure   Level  Hunger
 Animate Skeleton         Necr           N/A          98%         1    ##.....
 Pain                     Necr           #...         98%         1    ##.....
 Vampiric Draining        Necr           #.........   100%        3    ####...
 Animate Dead             Necr           N/A          100%        4    #####..
 Agony                    Necr           #.......     100%        5    ######.


Dungeon Overview and Level Annotations

Branches:
Dungeon (5/15)
 Temple: D:4-7

Altars:


Innate Abilities, Weirdness & Mutations

You cannot wear boots.
Your serpentine skin is tough. (AC +1)
You have supernaturally acute eyesight. (SInv)
Armour fits poorly on your strangely shaped body.
Your system is resistant to poisons. (rPois)
You cover ground very slowly.
You have a slow metabolism.
You can spit poison.


Message History

You closely miss the frilled lizard.
The ogre hits you with a cursed -1 giant spiked club!
The frilled lizard bites you.
You slash the ogre!
The ogre is severely wounded.
You closely miss the frilled lizard. You block the ogre's attack.
The frilled lizard barely misses you. The frilled lizard bites you.
You hit the ogre but do no damage.
The ogre is severely wounded.
You closely miss the frilled lizard.
The ogre hits you with a cursed -1 giant spiked club!!
You block the frilled lizard's attack.
Press: ? - help, Shift-Dir - straight line, f - frilled lizard
Aim: a frilled lizard The splash of poison hits the frilled lizard!
The frilled lizard is poisoned.
You kill the frilled lizard!
You feel slightly more hungry.
The ogre hits you with a cursed -1 giant spiked club!
You die...

..# .. ..# #. ..
# #.# . .#.# #.#
.##.#.# #.#
..%...# #######.#
#.....
........####.#.#
#.##.>#....%.#
#.......##@##....
####..####O# .
#....# #..
......## ####
###.## #.. #.. #.


You could see an ogre.

Vanquished Creatures
  A worker ant (D:4)
  A howler monkey skeleton (D:5)
  2 adders
  2 worms
  A dart slug (D:3)
  A leopard gecko (D:2)
  4 orcs
  5 bats
  A giant cockroach (D:2)
  3 goblins (D:2)
  3 hobgoblins
  2 jackals (D:2)
  3 kobolds
  2 quokkas (D:3)
  4 frilled lizards
  3 rats (D:3)
38 creatures vanquished.

Notes
Turn   | Place    | Note
-------+----------+-------------------------------------------
     0 | D:1      | Duffy the Naga Fighter began the quest for the Orb.
     0 | D:1      | Reached XP level 1. HP: 21/21 MP: 1/1
   230 | D:2      | Reached XP level 2. HP: 28/28 MP: 2/2
   555 | D:2      | Reached XP level 3. HP: 34/34 MP: 3/3
  1198 | D:3      | Reached XP level 4. HP: 38/42 MP: 4/4
  1341 | D:5      | Entered Level 5 of the Dungeon
  1527 | D:4      | Noticed an ogre
  1532 | D:4      | Mangled by an ogre

Levels and vault maps discovered:
D:1:      shiori_arrival_maze, layout_basic
D:2:      layout_basic, minmay_misc_feat_roman, uniq_sigmund
D:3:      layout_basic, chequers_temple_overflow_statue_of_worship,
          gammafunk_ghost_icy
D:4:      layout_loops_cross
D:5:      wander_river, layout_basic, lemuel_crystal_altar, first_ration

Skill      XL: |  1  2  3 |
---------------+----------+-----
Shields        | 3 |  3.5
Axes           | 3 |  3.6
Fighting       | |  3.0
Armour         | |  2.4

Action                   |  1- 3 |  4- 6 || total
-------------------------+-------+-------++-------
Melee: War axe           |    71 |    22 ||    93
 Abil: Spit Poison       |     5 |     2 ||     7
  Eat: Chunk             |       |     1 ||     1
Armor: Scale mail        |    40 |     5 ||    45
Dodge: Dodged            |    24 |     7 ||    31
Block: Kite shield       |    45 |     8 ||    53

Table legend:
 A = Non-vault XP
 B = Vault XP
 C = Vault XP percentage of total XP
 D = Non-vault monster count
 E = Vault monster count
 F = Vault count percentage of total count
                 A         B        C        D         E       F
            +---------+---------+-------+---------+---------+-------
      Total |     148 |       0 |   0.0 |      38 |       0 |   0.0
            +---------+---------+-------+---------+---------+-------
        D:2 |      42 |       0 |   0.0 |      15 |       0 |   0.0
        D:3 |      40 |       0 |   0.0 |      16 |       0 |   0.0
        D:4 |      42 |       0 |   0.0 |       3 |       0 |   0.0
        D:5 |      24 |       0 |   0.0 |       4 |       0 |   0.0
            +---------+---------+-------+---------+---------+-------
